 Dungeon Crawl Stone Soup version 0.28-a0-1638-g9123634e07 (webtiles) character file.

Game seed: 3378820346440393801

884 a3don the Skirmisher (level 8, -20/58 HPs)
             Began as a Djinni Hedge Wizard on Jan 26, 2022.
             Killed from afar by an orc (41 damage)
             ... with a bolt of acid
             ... on level 5 of the Dungeon.
             The game lasted 00:13:42 (5745 turns).

a3don the Skirmisher (Djinni Hedge Wizard)          Turns: 5745, Time: 00:13:43

Health: -20/58     AC:  5    Str:  9    XL:     8   Next: 26%
Gold:   485        EV: 16    Int: 18    God:
                   SH:  5    Dex: 13

rFire   + + .      SeeInvis .   a - +0 dagger
rCold   x . .      Faith    .   f - +0 buckler {rN+}
rNeg    + . .      Spirit   .   b - +0 robe
rPois   ∞          Reflect  .   s - +1 helmet
rElec   .          Harm     .   k - +0 cloak
rCorr   .          Rampage  .   (no gloves)
Will    .....                   (boots unavailable)
Stlth   ++........              (no amulet)
HPRegen 0.19/turn               i - +4 ring of evasion
MPRegen 0.00/turn               (no ring)

@: flying
A: sickness immunity, fire resistance 2, cold vulnerability 1, float, innate
caster, hp casting, extra vitality 1
a: no special abilities


You were on level 5 of the Dungeon.
You visited 1 branch of the dungeon, and saw 5 of its levels.

You collected 485 gold pieces.

Inventory:

Hand Weapons
 a - a +0 dagger (weapon)
 j - a +3 quarterstaff of chaos
Missiles
 l - 41 sling bullets
 r - 3 boomerangs
 v - 6 curare-tipped darts
Armour
 b - a +0 robe (worn)
 c - a +0 hat
 f - a +0 buckler of positive energy (worn)
 k - a +0 cloak (worn)
 s - a +1 helmet (worn)
Magical Staves
 e - a staff of air
Jewellery
 i - a +4 ring of evasion (left hand)
Scrolls
 g - a scroll of vulnerability {unknown}
 h - 3 scrolls of identify {unknown}
 m - a scroll of enchant weapon {unknown}
 n - a scroll of blinking {unknown}
 o - 2 scrolls of noise {unknown}
 p - a scroll of immolation {unknown}
 t - a scroll of magic mapping {unknown}
Potions
 d - 4 potions of curing {unknown}
 q - a potion of invisibility {unknown}
 u - a potion of might {unknown}


   Skills:
 + Level 4.9 Fighting
 - Level 2.1 Dodging
 - Level 1.5 Stealth
 + Level 4.6 Shields
 + Level 4.6 Spellcasting


You couldn't memorise any spells.
You knew the following spells:

 Your Spells              Type           Power      Damage    Failure   Level
a - Magic Dart            Conj           84%        1d7       2%          1
b - Sting                 Tmut/Pois      84%        1d7       2%          1
c - Call Imp              Summ           21%        N/A       3%          2
d - Slow                  Hex            84%        N/A       2%          1
e - Conjure Flame         Conj/Fire      21%        6-21      8%          3
f - Mephitic Cloud        Conj/Pois/Air  21%        N/A       8%          3
g - Blink                 Tloc           42%        N/A       3%          2
h - Scorch                Fire           42%        2d7       3%          2
i - Dazzling Flash        Conj/Hex       42%        N/A       8%          3
Your spell library was empty.

Dungeon Overview and Level Annotations

Branches:
Dungeon (5/15)
 Temple: D:4-7

Altars:
Cheibriados
Dithmenos
Kikubaaqudgha
Okawaru
Uskayaw
The Shining One


Innate Abilities, Weirdness & Mutations

You are immune to sickness and miasma.
You are immune to poison.
Your flesh is very heat resistant. (rF++)
You are vulnerable to cold. (rC-)
You float through the air rather than walking.
You learn spells naturally, not from books.
Your magical power is your life essence.
You have superior vitality. (+4 MHP)


Message History

You hit the centaur.
The centaur is severely wounded.
You hit the centaur.
The centaur is severely wounded.
The centaur says, "I'm a little confused."
You block the centaur's attack. The centaur completely misses you.
You hit the centaur.
The centaur is almost dead.
You hit the centaur but do no damage.
The centaur is almost dead.
You kill the centaur!
You start resting.
A centaur zombie comes into view.
There is a stone staircase leading down here.
You start resting.
HP restored.
Things that are here:
a +0 shortbow; 14 arrows; a centaur skeleton The orc throws a poisoned dart.
The poisoned dart hits you!
A scorpion comes into view.
The orc throws a poisoned dart.
The poisoned dart barely misses you.
Casting: Sting (safe; 2% risk of failure)
Confirm with . or Enter, or press ? or * to list all spells.
Aiming: Mephitic Cloud (dangerous; 8% risk of failure)
Press: ? - help, Shift-Dir - straight line, f - orc
Aim: an orc, wielding a +0 club, wearing a +0 scale mail, quivering poisoned darts and carrying a wand of acid (9) (chance to affect: 96%)
The ball explodes into a vile cloud!
The stinking cloud engulfs the orc but does no damage.
You hear a shout!
The orc is engulfed in noxious fumes.
The orc zaps a wand.
The bolt of acid hits you!!
Ouch! That really hurt!
The orc closely misses you.
You hit the orc.
The orc is lightly wounded.
The orc closely misses you. The scorpion closely misses you.
The orc hits you with a +0 hand axe.
The orc zaps a wand.
The bolt of acid hits you!!!
Ouch! That really hurt!
You die... #... #... ## ... #.c....# ## .....# ... ..# #. ...... #oc

..# ##°### ...... #.. ..#
#.○○○###......
###.##.#####...○#........
.............>.oso........
..##......##....@...###o..
. #.#?#..##........# #...
..##.#.#..##....#...# #..
........#.##....#...# #.#
..........########.####.#
.?......###...# #......##
######.## #...# #.......#
#.####...## #.......#
#.........###.......#


You could see a scorpion and 2 orcs.

Vanquished Creatures
  An ogre (D:4)
  2 centaurs (D:5)
  2 scorpions
  A water moccasin skeleton (D:4)
  A howler monkey (D:4)
  Crazy Yiuf (D:2)
  2 jellies (D:4)
  A centaur skeleton (D:5)
  An orc priest (D:5)
  A bullfrog skeleton (D:5)
  Jessica (D:2)
  2 orc wizards
  2 iguanas
  A howler monkey skeleton (D:4)
  7 adders
  2 worms
  7 orcs
  8 ball pythons
  3 bats
  4 endoplasms
  2 giant cockroaches
  4 goblins
  4 hobgoblins
  3 quokkas
  7 frilled lizards
  12 kobolds
  4 rats
86 creatures vanquished.

Notes
Turn   | Place    | Note
-------+----------+-------------------------------------------
     0 | D:1      | a3don the Djinni Hedge Wizard began the quest for the Orb.
     0 | D:1      | Reached XP level 1. HP: 15/15 MP: 0/0
   256 | D:1      | Reached XP level 2. HP: 18/22 MP: 0/0
   259 | D:1      | Reached skill level 1 in Fighting
  1028 | D:2      | Found a faded altar of an unknown god.
  1035 | D:2      | Reached XP level 3. HP: 24/27 MP: 0/0
  1035 | D:2      | Learned a level 1 spell: Sting
  1338 | D:2      | Found a runed translucent door.
  1339 | D:2      | Noticed Crazy Yiuf
  1380 | D:2      | Found a hide-covered altar of Uskayaw.
  1392 | D:2      | Reached skill level 1 in Shields
  1493 | D:2      | Noticed Jessica
  1503 | D:2      | Killed Jessica
  1504 | D:2      | Reached XP level 4. HP: 8/33 MP: 0/0
  2041 | D:2      | Killed Crazy Yiuf
  2042 | D:2      | Reached XP level 5. HP: 32/39 MP: 0/0
  2042 | D:2      | Learned a level 2 spell: Scorch
  2344 | D:3      | Found a hide-covered altar of Uskayaw.
  2988 | D:4      | Found a snail-covered altar of Cheibriados.
  3101 | D:4      | Noticed an ogre
  3125 | D:4      | Reached XP level 6. HP: 29/46 MP: 0/0
  3127 | D:4      | Killed an ogre
  3673 | D:4      | Reached XP level 7. HP: 37/51 MP: 0/0
  3673 | D:4      | Learned a level 3 spell: Dazzling Flash
  4539 | D:4      | Found an iron altar of Okawaru.
  4581 | D:4      | Found a glowing golden altar of the Shining One.
  4581 | D:4      | Found a shadowy altar of Dithmenos.
  4670 | D:5      | Entered Level 5 of the Dungeon
  5169 | D:5      | Reached XP level 8. HP: 39/58 MP: 0/0
  5745 | D:5      | Killed from afar by an orc

Illustrated notes

Levels and vault maps discovered:
D:1:      pf_arrival_petrified_forest, layout_rooms
D:2:      layout_loops_cross, basic_altar, dreamdust_ecumenical_altar_grove,
          uniq_crazy_yiuf_cottage, uniq_jessica
D:3:      layout_basic, eat_drink_and_be_merry_uskayaw
D:4:      minmay_polygon_palace, layout_loops_cross,
          chequers_temple_overflow_statue_of_worship, kennysheep_mini,
          kennysheep_okawaru_gauntlet, uniq_robin
D:5:      layout_basic, uniq_blork_the_orc

Skill      XL: |  1  2  3  4  5  6  7 |
---------------+----------------------+-----
Fighting       | 1 2 3 4 |  4.9
Shields        | 1 2 3 4 |  4.6
Spellcasting   | 3 4 |  4.6
Dodging        | |  2.1
Stealth        | |  1.5

Action                   |  1- 3 |  4- 6 |  7- 9 || total
-------------------------+-------+-------+-------++-------
Melee: Dagger            |       |    22 |    76 ||    98
 Cast: Magic Dart        |    49 |    38 |    14 ||   101
       Sting             |    12 |    49 |    31 ||    92
       Mephitic Cloud    |       |     5 |     7 ||    12
       Dazzling Flash    |       |       |     5 ||     5
       Scorch            |       |       |     9 ||     9
 Stab: Confused          |       |     2 |     1 ||     3
       Invisible         |       |       |     1 ||     1
       Sleeping          |       |       |     1 ||     1
Armor: Robe              |     1 |     2 |    26 ||    29
Dodge: Dodged            |     5 |    33 |    72 ||   110
Block: Buckler           |     2 |     5 |    26 ||    33

Table legend: (Time is in decaauts)
 A = Elapsed time spent in this place.
 B = Non-inter-level travel time spent in this place.
 C = Inter-level travel time spent in this place.
 D = Time resting spent in this place.
 E = Time spent auto-exploring this place.
 F = Levels seen in this place.
 G = Mean time per level.
                   A        B        C        D        E       F      G
               +--------+--------+--------+--------+--------+-----+--------+
         Total |   5756 |   5688 |     68 |   1808 |   3144 |   5 | 1151.2 |
       Dungeon |   5756 |   5688 |     68 |   1808 |   3144 |   5 | 1151.2 |
               +--------+--------+--------+--------+--------+-----+--------+

Top non-repeatable levels by time:
     D:4: 1705 daAuts
     D:2: 1167 daAuts
     D:5: 1076 daAuts
     D:1: 974 daAuts
     D:3: 833 daAuts
